[Event "Titled Tuesday Blitz February 21 Early 2023"]
[White "Tarnowska, Aleksandra"]
[Black "Filgueira, Hernan"]
[WhiteFideId "1180967"]
[BlackFideId "101770"]
[WhiteElo "1835"]
[BlackElo "2283"]
[Result "0-1"]
[Round "07"]
[TimeControl "180+2"]
[Date "2023.02.21"]
[WhiteClock "0:00:02"]
[BlackClock "0:01:42"]

1. e4 d6 2. d4 Nf6 3. Nc3 g6 4. Be3 c6 5. Qd2 b5 6. f3 Nbd7 7. h4 b4 8. Nce2 a5 9. g4 h5 10. g5 Ng8 11. f4 e6 12. Nf3 Ne7 13. Bh3 Nb6 14. b3 d5 15. Ng3 Bg7 16. Ne5 dxe4 17. Nxe4 Nbd5 18. Bf2 O-O 19. O-O Ba6 20. Rfe1 Bb5 21. Nc5 Nc3 22. a4 Ba6 23. Re3 Ncd5 24. Rf3 Bc8 25. Rf1 Qc7 26. Ne4 Nf5 27. Bxf5 exf5 28. Nf6+ Nxf6 29. gxf6 Bxf6 30. Rg3 Kh7 31. Qe2 Ba6 32. Nd3 Rae8 33. Qf3 c5 34. d5 c4 35. bxc4 Qxc4 36. Kh2 Bb7 37. Rfg1 Bxd5 38. Qd1 Rg8 39. Ne5 Bxe5 40. fxe5 Qxh4+ 41. Rh3 Qxf2+ 42. Rg2 Qxg2# 0-1


[Site "https://www.chess.com"]

[Event "Titled Tuesday Blitz February 21 Early 2023"]
[White "Winkels, Marcel"]
[Black "Berkes, Ferenc"]
[WhiteFideId "1003887"]
[BlackFideId "718572"]
[WhiteElo "1960"]
[BlackElo "2621"]
[Result "0-1"]
[Round "07"]
[TimeControl "180+2"]
[Date "2023.02.21"]
[WhiteClock "0:00:15"]
[BlackClock "0:00:46"]

1. e4 c6 2. d4 d5 3. exd5 cxd5 4. c4 Nf6 5. Nc3 Nc6 6. Bg5 Be6 7. Bxf6 exf6 8. Nf3 Bb4 9. c5 O-O 10. Bd3 Bg4 11. Qc2 Bxf3 12. gxf3 Nxd4 13. Bxh7+ Kh8 14. Qd3 Qe7+ 15. Kf1 Bxc3 16. bxc3 Ne6 17. Bf5 Nxc5 18. Qd4 g6 19. Rg1 Rae8 20. Kg2 Kg7 21. Qg4 Rh8 22. Kh1 Rh6 23. Rg3 Qe5 24. Rag1 Reh8 25. h3 Rh4 26. f4 Qxf4 27. Qxf4 Rxf4 28. Bxg6 fxg6 29. Rxg6+ Kf7 30. Rg7+ Ke6 31. Re1+ Ne4 32. Kg2 Rxf2+ 33. Kg1 Rf3 34. c4 f5 35. Rxb7 dxc4 36. Rxa7 Rg8+ 37. Kh2 Rf2+ 38. Kh1 Rgg2 39. Ra6+ Ke5 40. Ra5+ Kf4 0-1


[Site "https://www.chess.com"]

[Event "Titled Tuesday Blitz February 21 Early 2023"]
[White "Osuna Vega, Enrique"]
[Black "Zochowski, Kacper"]
[WhiteFideId "2219549"]
[BlackFideId "1125494"]
[WhiteElo "2061"]
[BlackElo "2262"]
[Result "0-1"]
[Round "07"]
[TimeControl "180+2"]
[Date "2023.02.21"]
[WhiteClock "0:01:26"]
[BlackClock "0:01:55"]

1. e4 d6 2. d4 Nf6 3. Nc3 e5 4. Nf3 Nbd7 5. Bc4 Be7 6. a4 O-O 7. O-O c6 8. a5 Rb8 9. Re1 b5 10. axb6 axb6 11. d5 Bb7 12. dxc6 Bxc6 13. Qe2 Nc5 14. Nd2 Qd7 15. b4 b5 16. bxc5 bxc4 17. cxd6 Bxd6 18. Nxc4 Bb4 19. Bd2 Qd4 0-1


[Site "https://www.chess.com"]

[Event "Titled Tuesday Blitz February 21 Early 2023"]
[White "Bongo Akanga Ndjila, Barthelemy"]
[Black "Kujawski, Adam"]
[WhiteFideId "10609431"]
[BlackFideId "1100920"]
[WhiteElo "1824"]
[BlackElo "2173"]
[Result "0-1"]
[Round "07"]
[TimeControl "180+2"]
[Date "2023.02.21"]
[WhiteClock "0:00:18"]
[BlackClock "0:00:54"]

1. d4 Nf6 2. c4 e6 3. Nc3 Bb4 4. f3 d5 5. a3 Bxc3+ 6. bxc3 c5 7. cxd5 exd5 8. e3 O-O 9. Bd3 b6 10. Ne2 Ba6 11. O-O Bxd3 12. Qxd3 Re8 13. Ng3 h5 14. Nh1 Nc6 15. Nf2 Qe7 16. Re1 Rad8 17. Bb2 Na5 18. Rad1 Nc4 19. Bc1 Qe6 20. e4 cxd4 21. cxd4 dxe4 22. fxe4 Ne5 23. Qb1 Neg4 24. Nxg4 Qxg4 25. h3 Qh4 26. e5 Rxd4 27. Bg5 Rxd1 28. Qxd1 Qxg5 29. exf6 Rxe1+ 30. Qxe1 Qxf6 31. Qe8+ Kh7 32. Qe4+ Qg6 33. Qb7 a5 34. Qc6 Qxc6 0-1


[Site "https://www.chess.com"]

[Event "Titled Tuesday Blitz February 21 Early 2023"]
[White "Rego, Pedro Filipe"]
[Black "Larina, Maria"]
[WhiteFideId "1904310"]
[BlackFideId "24113182"]
[WhiteElo "2312"]
[BlackElo "1948"]
[Result "1-0"]
[Round "07"]
[TimeControl "180+2"]
[Date "2023.02.21"]
[WhiteClock "0:00:08"]
[BlackClock "0:00:04"]

1. e4 c6 2. d4 d5 3. e5 c5 4. Nf3 Nc6 5. dxc5 Bg4 6. Bb5 e6 7. b4 Qc7 8. Bf4 Ne7 9. Nbd2 Ng6 10. Bg3 Be7 11. O-O O-O 12. Bxc6 bxc6 13. c3 a5 14. a3 Rfb8 15. h3 Bf5 16. Nd4 Bd3 17. Re1 Ba6 18. f4 Bh4 19. Bxh4 Nxh4 20. Qg4 Ng6 21. Qg3 Re8 22. h4 Ne7 23. h5 h6 24. N2b3 a4 25. Nd2 Kh8 26. Qh3 Qd7 27. g4 Rg8 28. Rad1 Rae8 29. Kh2 Bc8 30. N2f3 Qb7 31. Rg1 Qd7 32. g5 Nf5 33. Nxf5 exf5 34. Nd4 Rd8 35. Rg2 Rde8 36. Rdg1 Rd8 37. gxh6 gxh6 38. Rxg8+ Rxg8 39. Rxg8+ Kxg8 40. Qh4 Kh7 41. Qf6 Qe8 42. Nxc6 Bd7 43. Nd4 Qg8 44. Nxf5 Bxf5 45. Qxf5+ Kh8 46. Qf6+ Qg7 47. Qxg7+ Kxg7 48. c6 1-0


[Site "https://www.chess.com"]

[Event "Titled Tuesday Blitz February 21 Early 2023"]
[White "Sarkar, Justin"]
[Black "Seifert, Henryk"]
[WhiteFideId "2010011"]
[BlackFideId "1100963"]
[WhiteElo "2309"]
[BlackElo "2106"]
[Result "1-0"]
[Round "07"]
[TimeControl "180+2"]
[Date "2023.02.21"]
[WhiteClock "0:00:26"]
[BlackClock "0:00:06"]

1. e4 e6 2. Nc3 d5 3. g3 Nf6 4. Bg2 c5 5. exd5 exd5 6. Nge2 d4 7. Ne4 Be7 8. d3 O-O 9. Nxf6+ Bxf6 10. O-O Nc6 11. Nf4 Ne7 12. Nh5 Ng6 13. Nxf6+ Qxf6 14. h4 a5 15. Bg5 Qb6 16. b3 Bd7 17. h5 Ne5 18. h6 gxh6 19. Bf4 Rae8 20. a4 Bg4 21. f3 Bd7 22. Qd2 Kg7 23. Rae1 Qd6 24. Qxa5 Bc6 25. Re2 Nxf3+ 26. Bxf3 1-0


[Site "https://www.chess.com"]

[Event "Titled Tuesday Blitz February 21 Early 2023"]
[White "Buganca, Luiz Henrique Da Silva"]
[Black "Ricaurte Lopez, Juan Carlos"]
[WhiteFideId "2182289"]
[BlackFideId "3600327"]
[WhiteElo "1920"]
[BlackElo "2226"]
[Result "1-0"]
[Round "07"]
[TimeControl "180+2"]
[Date "2023.02.21"]
[WhiteClock "0:00:57"]
[BlackClock "0:00:03"]

1. d4 d5 2. c4 e5 3. dxe5 d4 4. Nf3 Nc6 5. Nbd2 Bg4 6. h3 Bh5 7. g4 Bg6 8. Bg2 Qd7 9. Qb3 O-O-O 10. O-O h5 11. g5 f6 12. exf6 gxf6 13. a4 Re8 14. a5 a6 15. Re1 fxg5 16. Nxg5 Nf6 17. e4 dxe3 18. Rxe3 Bc5 19. Rxe8+ Rxe8 20. Ndf3 Re2 21. Be3 Bxe3 22. fxe3 Ne4 23. Qd1 Rxb2 24. Qxd7+ Kxd7 25. Nh4 Nxg5 26. Nxg6 Re2 27. Rd1+ Ke8 28. h4 Nf7 29. Rb1 Nxa5 30. c5 Rxe3 31. Nf4 Rc3 32. Ne6 Kd7 33. Nf8+ Ke7 34. Ng6+ Kf6 35. Nf8 Ne5 36. Rf1+ Ke7 37. Nh7 Rxc5 38. Nf6 Nac6 39. Nxh5 1-0


[Site "https://www.chess.com"]

[Event "Titled Tuesday Blitz February 21 Early 2023"]
[White "Jaivardhan Raj"]
[Black "Kotepalli, Sai Nirupama"]
[WhiteFideId "25744437"]
[BlackFideId "5039444"]
[WhiteElo "1901"]
[BlackElo "1910"]
[Result "0-1"]
[Round "07"]
[TimeControl "180+2"]
[Date "2023.02.21"]
[WhiteClock "0:00:02"]
[BlackClock "0:00:02"]

1. e4 c5 2. Nf3 e6 3. d4 cxd4 4. Nxd4 Nf6 5. Nc3 Nc6 6. Ndb5 Bb4 7. a3 Bxc3+ 8. Nxc3 d5 9. exd5 exd5 10. Qe2+ Be6 11. Bg5 d4 12. Ne4 Qa5+ 13. Bd2 Qe5 14. Nxf6+ Qxf6 15. Qb5 O-O 16. Bd3 a6 17. Qh5 Qe5+ 18. Qxe5 Nxe5 19. Be4 Nc6 20. O-O Rfe8 21. Bf3 Rac8 22. c3 Bc4 23. Rfe1 d3 24. a4 Re6 25. Rxe6 fxe6 26. Re1 Kf7 27. b4 Rc7 28. Re4 Bb3 29. a5 e5 30. Rh4 h6 31. Bh5+ Kf6 32. Rg4 Bd1 33. Rg6+ Kf5 34. g4+ Ke4 35. Kg2 Bf3+ 36. Kg3 Be2 37. Rd6 Ne7 38. h4 Rc6 39. Rd7 Re6 40. Rxe7 Rxe7 41. c4 Kd4 42. Be3+ Kxc4 43. Bd2 Kb3 44. Bg6 Kc2 45. Be3 e4 46. Bc5 d2 47. Bxe7 d1=Q 48. Bxe4+ Bd3 49. Bxd3+ Qxd3+ 50. f3 Qe3 51. Bc5 Qe1+ 52. Kg2 Kd3 53. g5 hxg5 54. hxg5 Ke2 55. f4 Qf1+ 56. Kg3 Qf3+ 57. Kh4 Qxf4+ 58. Kh5 Qf5 0-1


[Site "https://www.chess.com"]

[Event "Titled Tuesday Blitz February 21 Early 2023"]
[White "Da Silva Borges, Rodrigo"]
[Black "Calcada, Lucas Galvan"]
[WhiteFideId "2115778"]
[BlackFideId "22746099"]
[WhiteElo "2199"]
[BlackElo "1739"]
[Result "1-0"]
[Round "07"]
[TimeControl "180+2"]
[Date "2023.02.21"]
[WhiteClock "0:00:16"]
[BlackClock "0:00:01"]

1. e4 c5 2. Nf3 d6 3. d4 cxd4 4. Nxd4 Nf6 5. Nc3 a6 6. Be3 e6 7. Be2 Qc7 8. O-O Nbd7 9. f4 Be7 10. a4 O-O 11. Bf3 Nc5 12. Qe2 Rb8 13. g4 Bd7 14. g5 Ne8 15. Kh1 Bc6 16. Bg2 b5 17. Nxc6 Qxc6 18. axb5 axb5 19. e5 d5 20. f5 exf5 21. Nxd5 Qe6 22. Nxe7+ Qxe7 23. Rxf5 Ne6 24. Ra7 Qb4 25. Qf2 N8c7 26. b3 Qc3 27. h4 Rbd8 28. h5 Rd1+ 29. Kh2 g6 30. hxg6 hxg6 31. Rf6 Qxe5+ 32. Qg3 Qc3 33. Rf2 Kg7 34. Qf3 Rh8+ 35. Kg3 Qe5+ 36. Bf4 Nxf4 37. Qxf4 Qxf4+ 38. Rxf4 Rd7 39. Bh3 Re7 40. Bf1 Rhe8 41. Bd3 Kg8 42. Kg4 b4 43. Rf6 Ne6 44. Bc4 Rxa7 45. Bxe6 Rxe6 46. Rf4 Rc7 47. Rxb4 Rxc2 48. Rb8+ Kg7 49. Kf4 Rb2 50. b4 Re1 51. Kf3 Reb1 52. Rc8 1-0


[Site "https://www.chess.com"]

[Event "Titled Tuesday Blitz February 21 Early 2023"]
[White "Better_Chess_Faster"]
[Black "Tsotsonava, Elene"]
[BlackFideId "13615939"]
[WhiteElo "1968"]
[BlackElo "2053"]
[Result "1-0"]
[Round "07"]
[TimeControl "180+2"]
[Date "2023.02.21"]
[WhiteClock "0:01:59"]
[BlackClock "0:01:24"]

1. c4 e5 2. g3 Nf6 3. Bg2 c6 4. d4 e4 5. d5 cxd5 6. cxd5 Qa5+ 7. Nc3 Bb4 8. Bd2 e3 9. fxe3 O-O 10. Nh3 d6 11. O-O Nxd5 12. Bxd5 Bxh3 13. Rf4 Nd7 14. a3 Bxc3 15. Bxc3 Qc5 16. Qd4 Be6 17. Qxg7# 1-0


[Site "https://www.chess.com"]

[Event "Titled Tuesday Blitz February 21 Early 2023"]
[White "Jesusesmifuerza"]
[Black "Kohler, Aran"]
[BlackFideId "1002856"]
[WhiteElo "2002"]
[BlackElo "2010"]
[Result "0-1"]
[Round "07"]
[TimeControl "180+2"]
[Date "2023.02.21"]
[WhiteClock "0:00:14"]
[BlackClock "0:00:28"]

1. d4 d5 2. Nc3 c6 3. Bf4 Nf6 4. e3 a6 5. Nf3 Bg4 6. Be2 Bxf3 7. Bxf3 e6 8. O-O c5 9. e4 cxd4 10. Qxd4 Nc6 11. Qd1 d4 12. e5 dxc3 13. exf6 cxb2 14. Qxd8+ Rxd8 15. Rab1 gxf6 16. Rxb2 Bd6 17. Bxd6 Rxd6 18. Rxb7 Nd8 19. Rb8 O-O 20. Be4 f5 21. Bd3 a5 22. Rfb1 Nc6 23. Rxf8+ Kxf8 24. Rb6 Ke7 25. a3 Ne5 26. Rxd6 Kxd6 27. Be2 Kc5 28. Kf1 Kd4 29. f4 Ng6 30. g3 Kc3 31. Bd3 Ne7 32. Ke2 Nd5 33. h3 Kb2 34. c4 Nc7 35. Ke3 Kxa3 36. Kd4 Kb3 37. c5 a4 38. Bc4+ Kb4 39. c6 f6 40. g4 fxg4 41. hxg4 h6 42. Ba2 Kb5 43. g5 fxg5 44. fxg5 hxg5 45. Ke3 Kxc6 46. Kf3 Kd6 47. Kg4 Nd5 48. Kxg5 Nc3 49. Bc4 a3 50. Kf4 a2 51. Bxa2 Nxa2 52. Ke3 Nb4 53. Kd4 e5+ 54. Ke4 Nd5 55. Kf5 Nc3 56. Kg4 Kd5 57. Kf3 Kd4 58. Kf2 Kd3 59. Ke1 e4 60. Kf2 Kd2 0-1


[Site "https://www.chess.com"]

[Event "Titled Tuesday Blitz February 21 Early 2023"]
[White "Dias, Joao Batista"]
[Black "Burke, John F"]
[WhiteFideId "2108240"]
[BlackFideId "2052970"]
[WhiteElo "1796"]
[BlackElo "2013"]
[Result "1/2-1/2"]
[Round "07"]
[TimeControl "180+2"]
[Date "2023.02.21"]
[WhiteClock "0:00:14"]
[BlackClock "0:00:21"]

1. e4 c5 2. Nf3 Nc6 3. d4 cxd4 4. Nxd4 e6 5. Nxc6 dxc6 6. Bd3 Bc5 7. O-O Nf6 8. Qe2 O-O 9. Be3 Qb6 10. Bxc5 Qxc5 11. Nd2 e5 12. Nc4 Be6 13. Ne3 g6 14. a3 Kg7 15. h3 Rad8 16. Kh1 b5 17. Kh2 h5 18. Rac1 a5 19. Ra1 Rh8 20. Rac1 Rd4 21. Rfd1 Nxe4 22. c3 Rxd3 23. Rxd3 f5 24. f3 Nf6 25. Rcd1 Re8 26. Nc2 Bc4 27. b4 Bxd3 28. Qxd3 axb4 29. axb4 Qe7 30. Ra1 e4 31. Qe3 Qd6+ 32. f4 Qd3 33. Ra7+ Kh6 34. Qd4 Qxd4 35. Nxd4 e3 36. Ne2 Rd8 37. Kg3 Rd2 38. Kf3 Nd5 39. Ra6 c5 40. bxc5 b4 41. cxb4 Nxb4 42. Re6 Nd5 43. Rd6 Kg7 44. c6 Kf7 45. Rd7+ Ke6 46. Rg7 Kf6 47. Rb7 Rc2 48. Rd7 Ke6 49. Rg7 Kf6 50. Rd7 Nc3 51. c7 Nxe2 52. Kxe3 Ng1 53. Rd1 Ne2 54. Rd2 Rxc7 55. Rxe2 Re7+ 56. Kf2 Rxe2+ 57. Kxe2 Ke6 58. Ke3 Kd5 59. Kd3 Kc5 60. g3 Kd5 61. h4 Kc5 62. Kc3 Kd5 63. Kd3 Kc5 64. Kc3 Kd5 65. Kd3 1/2-1/2


[Site "https://www.chess.com"]

[Event "Titled Tuesday Blitz February 21 Early 2023"]
[White "Thomas, Anysia"]
[Black "Wickramasinghe, Minethma Lasandi"]
[WhiteFideId "670472"]
[BlackFideId "9966170"]
[WhiteElo "2147"]
[BlackElo "1483"]
[Result "1-0"]
[Round "07"]
[TimeControl "180+2"]
[Date "2023.02.21"]
[WhiteClock "0:00:48"]
[BlackClock "0:00:01"]

1. d4 Nf6 2. c4 e6 3. Nf3 Bb4+ 4. Nbd2 O-O 5. a3 Bxd2+ 6. Qxd2 d5 7. e3 Nbd7 8. b4 a5 9. Bb2 Ne4 10. Qc2 Qe7 11. c5 c6 12. Bd3 Ng5 13. Nxg5 Qxg5 14. O-O h5 15. f4 Qe7 16. Qe2 g6 17. Rf3 Kg7 18. Rh3 Rh8 19. g4 hxg4 20. Rxh8 Kxh8 21. Qxg4 Nf6 22. Qh4+ Kg7 23. e4 dxe4 24. Bxe4 Nd5 25. Qxe7 Nxe7 26. d5+ f6 27. d6 Nd5 28. Bxd5 cxd5 29. b5 Bd7 30. a4 Rc8 31. Rc1 Kf7 32. Bd4 b6 33. c6 Ke8 34. Bxb6 1-0


[Site "https://www.chess.com"]

[Event "Titled Tuesday Blitz February 21 Early 2023"]
[White "Desideri, Ricardo Maruchi"]
[Black "Kuchava, Ana"]
[WhiteFideId "2110440"]
[BlackFideId "13605348"]
[WhiteElo "1959"]
[BlackElo "2101"]
[Result "0-1"]
[Round "07"]
[TimeControl "180+2"]
[Date "2023.02.21"]
[WhiteClock "0:00:01"]
[BlackClock "0:00:04"]

1. e4 c5 2. Nf3 d6 3. d4 cxd4 4. Nxd4 Nf6 5. Nc3 Nc6 6. Nb3 g6 7. f3 Bg7 8. Be3 a5 9. g4 a4 10. Nd4 Nd7 11. a3 O-O 12. Qd2 Qb6 13. O-O-O Nxd4 14. Bxd4 Bxd4 15. Qxd4 Qxd4 16. Rxd4 Ne5 17. Be2 Bd7 18. h4 Rfc8 19. h5 Kg7 20. Nd5 Nc6 21. Rdd1 Rd8 22. Bb5 e6 23. Nb6 Ra5 24. Bxa4 Be8 25. Bb3 Rc5 26. Nc4 d5 27. exd5 exd5 28. Ne3 d4 29. Nc4 b5 30. Nd2 Ne5 31. Ne4 Rc7 32. Rhf1 Bc6 33. Nc5 Nxf3 34. Bxf7 Bd5 35. Bxd5 Rxd5 36. Nd3 Ne5 37. Nxe5 Rxe5 38. Rxd4 Re2 39. Rfd1 Rcxc2+ 40. Kb1 Rxb2+ 41. Ka1 Ra2+ 42. Kb1 Reb2+ 43. Kc1 Rg2 44. Kb1 Rxa3 45. Rc1 Rb3+ 0-1


[Site "https://www.chess.com"]

[Event "Titled Tuesday Blitz February 21 Early 2023"]
[White "babbilator"]
[Black "SulfatoFerroso"]
[WhiteElo "2129"]
[BlackElo "1776"]
[Result "1-0"]
[Round "07"]
[TimeControl "180+2"]
[Date "2023.02.21"]
[WhiteClock "0:00:21"]
[BlackClock "0:00:13"]

1. e4 c5 2. Nc3 d6 3. Nf3 Nc6 4. d4 cxd4 5. Nxd4 Nf6 6. f3 a6 7. Be3 e6 8. Qd2 Be7 9. O-O-O Qc7 10. Kb1 Bd7 11. g4 Rc8 12. g5 Ng8 13. h4 b5 14. Bd3 Na5 15. h5 Nc4 16. Bxc4 Qxc4 17. g6 hxg6 18. hxg6 Rxh1 19. gxf7+ Kxf7 20. Rxh1 Bf6 21. Nce2 Ne7 22. b3 Qc7 23. f4 e5 24. Nf5 Bxf5 25. exf5 Nxf5 26. Bf2 exf4 27. Qd5+ Ke7 28. Qxf5 Qc5 29. Bxc5 Rxc5 30. Qd3 f3 31. Qxf3 1-0


[Site "https://www.chess.com"]

[Event "Titled Tuesday Blitz February 21 Early 2023"]
[White "Castillo Pena, Patricia Evarista"]
[Black "Bashirli, Saadat"]
[WhiteFideId "6412106"]
[BlackFideId "13429990"]
[WhiteElo "1783"]
[BlackElo "1571"]
[Result "1-0"]
[Round "07"]
[TimeControl "180+2"]
[Date "2023.02.21"]
[WhiteClock "0:00:52"]
[BlackClock "0:00:20"]

1. d4 d5 2. Nf3 e6 3. e3 c5 4. Bd3 Nf6 5. b3 Nc6 6. Bb2 cxd4 7. exd4 Bd6 8. O-O O-O 9. Nbd2 Re8 10. Ne5 Bxe5 11. dxe5 Nd7 12. f4 f6 13. Qh5 f5 14. Rf3 Nf8 15. Rg3 Bd7 16. Nf3 Ne7 17. Ng5 Neg6 18. Ba3 Nxf4 19. Qf7+ Kh8 20. Nxh7 g6 21. Nf6 Qxf6 22. exf6 Nh5 23. Rh3 Bc6 24. Qg7# 1-0


[Site "https://www.chess.com"]

[Event "Titled Tuesday Blitz February 21 Early 2023"]
[White "Suduvasachmatai"]
[Black "Liu, Xiangyi"]
[BlackFideId "8605718"]
[WhiteElo "2100"]
[BlackElo "2377"]
[Result "0-1"]
[Round "07"]
[TimeControl "180+2"]
[Date "2023.02.21"]
[WhiteClock "0:00:09"]
[BlackClock "0:00:50"]

1. e4 e6 2. d4 d5 3. e5 c5 4. c3 Nc6 5. Nf3 Qb6 6. Bd3 Bd7 7. Bc2 cxd4 8. cxd4 Nb4 9. O-O Nxc2 10. Qxc2 Rc8 11. Qb3 Qxb3 12. axb3 a6 13. Nc3 Ne7 14. Na4 Bb5 15. Re1 Nc6 16. Be3 Nb4 17. Rac1 Bc6 18. Red1 Be7 19. Nc5 O-O 20. Bd2 Bxc5 21. Rxc5 Nd3 22. Rc3 Bb5 23. Rb1 f6 24. exf6 gxf6 25. Ne1 Rxc3 26. bxc3 Rc8 27. Rd1 Kf7 28. Nxd3 Bxd3 29. Be1 Bc2 30. Rc1 Bxb3 31. f3 a5 32. Kf2 a4 33. Ke3 a3 34. Ra1 a2 35. Kd3 Bc4+ 36. Kd2 Rg8 37. g3 Kg6 38. Bf2 Kf5 39. Ke3 h5 40. h3 Kg6 41. g4 hxg4 42. hxg4 Rh8 43. Bg3 Rh3 44. Kf4 e5+ 45. dxe5 fxe5+ 0-1


[Site "https://www.chess.com"]

[Event "Titled Tuesday Blitz February 21 Early 2023"]
[White "parintele_chess"]
[Black "Broca Jimenez, Fernando"]
[BlackFideId "5104742"]
[WhiteElo "2249"]
[BlackElo "2075"]
[Result "0-1"]
[Round "07"]
[TimeControl "180+2"]
[Date "2023.02.21"]
[WhiteClock "0:02:13"]
[BlackClock "0:01:25"]

1. d4 Nf6 2. Bf4 d6 3. Nf3 g6 4. e3 Bg7 5. Be2 O-O 6. O-O Nc6 7. c4 Nd7 8. Nc3 e5 9. Bg5 f6 10. Bh4 h6 11. e4 g5 12. Bg3 Ne7 13. dxe5 fxe5 14. h4 Ng6 15. hxg5 hxg5 0-1


[Site "https://www.chess.com"]

[Event "Titled Tuesday Blitz February 21 Early 2023"]
[White "Ghosh, Chanchal Kumer"]
[Black "Burdalev, Kirill"]
[WhiteFideId "10201858"]
[BlackFideId "14121913"]
[WhiteElo "2020"]
[BlackElo "2368"]
[Result "1/2-1/2"]
[Round "07"]
[TimeControl "180+2"]
[Date "2023.02.21"]
[WhiteClock "0:00:15"]
[BlackClock "0:00:09"]

1. e4 c5 2. Nf3 d6 3. d4 cxd4 4. Nxd4 Nf6 5. Nc3 g6 6. Be2 Bg7 7. Be3 O-O 8. O-O Nc6 9. f3 d5 10. Nxc6 bxc6 11. e5 Nd7 12. f4 e6 13. Na4 Qa5 14. c3 f6 15. b4 Qc7 16. exf6 Bxf6 17. Rc1 e5 18. fxe5 Nxe5 19. Nc5 Bf5 20. Bf4 Qg7 21. Qd2 Rfe8 22. Bh6 Qh8 23. Bg5 Bxg5 24. Qxg5 Nf7 25. Qd2 Qe5 26. Bd3 Bxd3 27. Qxd3 Qe3+ 28. Qxe3 Rxe3 29. Rf6 Ne5 30. Rcf1 Re8 31. h3 Rxc3 32. Ne6 h5 33. Nf4 Kg7 34. Rd6 Rc2 35. Ne6+ Kh6 36. Nd4 Rxa2 37. h4 Rd2 38. Nf5+ Kh7 39. Ng3 Rd4 40. Rff6 Rxb4 41. Ne2 Rxh4 42. Nf4 Rxf4 43. Rxf4 a5 44. Rff6 a4 45. Rfe6 Rxe6 46. Rxe6 Nc4 47. Rxc6 a3 48. Ra6 Kg7 49. Kf2 d4 50. Ke2 g5 51. Kd3 Ne5+ 52. Ke4 Ng6 53. Kxd4 h4 54. Rxa3 Nf4 55. Ra2 Kg6 56. Ke4 Nh5 57. Kf3 Nf6 58. Ra6 Kf5 59. Ra5+ Kg6 60. Rb5 Nh5 61. Rb6+ Kf5 62. Rb5+ Kg6 63. Kg4 Nf6+ 64. Kf3 Nh5 1/2-1/2


[Site "https://www.chess.com"]

[Event "Titled Tuesday Blitz February 21 Early 2023"]
[White "Rosh Jain"]
[Black "Estevez Polanco, Leonardo Rafael"]
[WhiteFideId "25789465"]
[BlackFideId "6402798"]
[WhiteElo "2248"]
[BlackElo "2096"]
[Result "1-0"]
[Round "07"]
[TimeControl "180+2"]
[Date "2023.02.21"]
[WhiteClock "0:00:16"]
[BlackClock "0:00:23"]

1. e4 e6 2. d4 d5 3. Nc3 Bb4 4. exd5 exd5 5. Qf3 Nf6 6. Bd3 O-O 7. Ne2 Bg4 8. Qg3 Bxe2 9. Bxe2 Ne4 10. Qd3 Re8 11. O-O Nxc3 12. bxc3 Bd6 13. Be3 Nc6 14. Bf3 Ne7 15. Rab1 Rb8 16. Bg5 c6 17. Bh4 Qc7 18. Bg3 Bxg3 19. hxg3 Ng6 20. Bg4 Re7 21. c4 dxc4 22. Qxc4 Rbe8 23. Bf3 Qd6 24. c3 Nf8 25. Qa4 a6 26. Qc2 Ne6 27. Qf5 g6 28. Qf6 Qa3 29. d5 cxd5 30. Bxd5 b5 31. Rb3 Qc5 32. Bf3 Ng7 33. Rbb1 Re6 34. Qd4 Qxd4 35. cxd4 Rd6 36. d5 Nf5 37. Rfe1 Rxe1+ 38. Rxe1 Nd4 39. Rd1 Nxf3+ 40. gxf3 Kg7 41. f4 Kf6 42. Kg2 Ke7 43. Kf3 Rd8 44. Ke4 Kd6 45. Rc1 Re8+ 46. Kd4 Ra8 47. Rc6+ Kd7 48. Kc5 h5 49. Kb6 b4 50. Kc5 a5 51. d6 Rb8 52. Rc7+ Ke8 53. Ra7 b3 54. axb3 Rxb3 55. Rxa5 Rb2 56. Ra8+ Kd7 57. Ra7+ Ke8 58. Re7+ Kd8 59. Rxf7 Rxf2 60. Kc6 Rc2+ 61. Kd5 Rd2+ 62. Ke6 Re2+ 63. Kf6 Re3 64. Kxg6 Rxg3+ 65. Kxh5 Rd3 66. d7 Rh3+ 67. Kg5 Rg3+ 68. Kf6 Rf3 69. f5 Rf1 70. Rh7 Rf2 71. Ke6 Re2+ 72. Kf7 Rf2 73. f6 Rf1 74. Kg7 Rg1+ 75. Kf8 Rf1 76. f7 Kxd7 77. Kg8 1-0


[Site "https://www.chess.com"]

[Event "Titled Tuesday Blitz February 21 Early 2023"]
[White "Andreikin, Dmitry"]
[Black "Nakamura, Hikaru"]
[WhiteFideId "4158814"]
[BlackFideId "2016192"]
[WhiteElo "2729"]
[BlackElo "2775"]
[Result "0-1"]
[Round "08"]
[TimeControl "180+2"]
[Date "2023.02.21"]
[WhiteClock "0:00:25"]
[BlackClock "0:00:24"]

1. d4 Nf6 2. c4 e6 3. Nf3 d5 4. Nc3 dxc4 5. e4 b5 6. e5 Nd5 7. Nxb5 Nb6 8. Be2 Bb7 9. O-O Qd7 10. Nc3 Nc6 11. Be3 Be7 12. Rc1 O-O 13. Qd2 Nb4 14. Rfd1 Rab8 15. Bg5 Bxf3 16. Bxe7 Qxe7 17. Bxf3 Nd3 18. Rb1 Rfd8 19. Qe3 c5 20. dxc5 Nd7 21. Be2 N7xc5 22. b4 cxb3 23. Bxd3 Nxd3 24. Rxd3 bxa2 25. Rxd8+ Qxd8 26. Ra1 Rb1+ 0-1


[Site "https://www.chess.com"]

[Event "Titled Tuesday Blitz February 21 Early 2023"]
[White "Lazavik, Denis"]
[Black "Dubov, Daniil"]
[WhiteFideId "13515110"]
[BlackFideId "24126055"]
[WhiteElo "2544"]
[BlackElo "2708"]
[Result "1-0"]
[Round "08"]
[TimeControl "180+2"]
[Date "2023.02.21"]
[WhiteClock "0:00:32"]
[BlackClock "0:00:17"]

1. d4 Nf6 2. c4 e6 3. Nf3 c5 4. d5 exd5 5. cxd5 d6 6. Nc3 g6 7. h3 Bg7 8. e4 a6 9. a4 Nbd7 10. Bd3 Nh5 11. Bg5 Bf6 12. Be3 Bg7 13. O-O Ne5 14. Nxe5 Bxe5 15. f4 Bg7 16. g4 Nf6 17. e5 dxe5 18. fxe5 Nd7 19. e6 Ne5 20. exf7+ Nxf7 21. Bxc5 Ne5 22. Qe2 Qc7 23. Ne4 Bd7 24. Rac1 Bxa4 25. Nf6+ Bxf6 26. Rxf6 O-O-O 27. d6 Qa5 28. Bb6+ 1-0


[Site "https://www.chess.com"]

[Event "Titled Tuesday Blitz February 21 Early 2023"]
[White "Makarian, Rudik"]
[Black "Caruana, Fabiano"]
[WhiteFideId "44105681"]
[BlackFideId "2020009"]
[WhiteElo "2545"]
[BlackElo "2764"]
[Result "0-1"]
[Round "08"]
[TimeControl "180+2"]
[Date "2023.02.21"]
[WhiteClock "0:00:05"]
[BlackClock "0:00:50"]

1. d4 Nf6 2. c4 e6 3. Nf3 d5 4. Nc3 Bb4 5. Bg5 h6 6. Bxf6 Qxf6 7. e3 O-O 8. Qb3 Bxc3+ 9. Qxc3 c6 10. Be2 b6 11. O-O Bb7 12. Ne5 Qe7 13. Rac1 Nd7 14. Nxd7 Qxd7 15. b4 a5 16. Rc2 Rfc8 17. c5 axb4 18. Qxb4 b5 19. a3 Ra4 20. Qb2 Rca8 21. Rc3 Qc7 22. Bd1 R4a5 23. Bc2 e5 24. Rb1 Bc8 25. h3 Be6 26. a4 bxa4 27. Ra3 exd4 28. exd4 Qf4 29. Qc3 Bf5 30. g3 Qg5 31. h4 Qg6 32. Bxf5 Qxf5 33. Rba1 Qe4 34. Qb4 Rb5 35. Qd2 Rab8 36. Kh2 Rb1 37. Rxb1 Rxb1 38. f3 Qf5 39. Qe2 Rc1 40. Ra2 Qb1 41. Kh3 h5 42. Qe8+ Kh7 43. Rh2 Qf5+ 44. Kg2 a3 0-1


[Site "https://www.chess.com"]